 Dungeon Crawl Stone Soup version 0.31-a0-844-gdc52ec4e09 (webtiles) character file.

Game seed: 5448385189302074317

102 lonewolfV2 the Shield-Bearer (level 5, 0/63 HPs)
             Began as a Formicid Fighter on Sept 29, 2023.
             Slain by Pikel
             ... wielding a +0 whip of flaming
              (4 damage)
             ... on level 3 of the Dungeon.
             The game lasted 00:03:20 (2207 turns).

lonewolfV2 the Shield-Bearer (Formicid Fighter)     Turns: 2207, Time: 00:03:21

Health: 0/63       AC: 22    Str: 20    XL:     5   Next: 5%
Magic:  5/5        EV:  2    Int:  8    God:
Gold:   176        SH:  6    Dex: 15    Spells: 4/4 levels left

rFire   . . .        a - +1 war axe (flame)
rCold   . . .        c - +1 buckler
rNeg    . . .        b - melded +0 scale mail
rPois   +            (helmet unavailable)
rElec   .            (cloak currently unavailable)
rCorr   .            (gloves currently unavailable)
SInv    .            (boots currently unavailable)
Will    .....        (no amulet)
Stlth   +            (no ring)
HPRegen 0.30/turn    (no ring)
MPRegen 0.09/turn

%: no passive effects
@: mighty, tree-form
A: stationary, stasis, torment immunity, boosted hp, permanent stasis, dig
shafts and tunnels, (antennae 3), four strong arms
a: no special abilities


You were on level 3 of the Dungeon.
You were a tree.
You visited 1 branch of the dungeon, and saw 4 of its levels.

You collected 176 gold pieces.

Inventory:

Hand Weapons
 a - a +1 war axe of flaming (weapon)
Missiles
 g - a throwing net
Armour
 b - a +0 scale mail (melded)
 c - a +1 buckler (worn)
Scrolls
 m - a scroll of revelation
 n - a scroll of identify
Potions
 f - a potion of haste {unknown}
 h - a potion of lignification
 i - a potion of berserk rage
 j - a potion of attraction
 k - 2 potions of magic
 l - a potion of enlightenment {unknown}


   Skills:
 + Level 4.1 Fighting
 + Level 3.3 Axes
 + Level 3.7 Armour
 + Level 0.7 Dodging
 + Level 0.2 Stealth
 + Level 4.4 Shields


You had 4 spell levels left.
You didn't know any spells.
Your spell library contained the following spells:

 Spells                   Type           Power      Damage    Failure   Level
 Lesser Beckoning         Tloc           0%         N/A       63%         2
 Poisonous Vapours        Pois/Air       0%         N/A       63%         2
 Gell's Gravitas          Tloc           0%         N/A       85%         3
 Mephitic Cloud           Conj/Pois/Air  0%         N/A       85%         3
 Teleport Other           Tloc           0%         N/A       85%         3
 Freezing Cloud           Conj/Ice/Air   0%         6-21      100%        5


Dungeon Overview and Level Annotations

Branches:
Dungeon (4/15)
 Temple: D:4-7

Altars:
Hepliaklqana

Annotations:
D:3 Pikel


Innate Abilities, Weirdness & Mutations

You are a tree.
Your roots penetrate the ground, keeping you stationary.
You cannot be teleported.
You are immune to unholy pain and torment.
Your maximum health is greatly increased.
Your equipment is partially melded.
You cannot be hasted, slowed, berserked, paralysed or teleported.
You can dig through walls and to a lower floor.
((You have a pair of large antennae on your head. (SInv)))
Your four strong arms can wield two-handed weapons with a shield.


Message History

The lemure is severely wounded.
You hit Pikel but do no damage. The lemure barely misses you.
Pikel hits you but does no damage.
You closely miss the lemure.
The lemure is severely wounded.
You barely miss Pikel. The lemure hits you.
Pikel zaps a wand.
You resist with some effort.
You closely miss the lemure.
The lemure is severely wounded.
You slash Pikel! You burn Pikel. You block the lemure's attack.
Pikel hits you with a +0 whip of flaming.
Pikel burns you. The lemure hits you but does no damage.
Pikel waves his whip at you.
Pikel zaps a wand.
You resist with some effort. The lemure hits you but does no damage.
Pikel hits you with a +0 whip of flaming.
Pikel burns you.
* * * LOW HITPOINT WARNING * * *
You climb upwards.
There is a stone staircase leading down, spattered with blood here.
Unknown command.
You barely miss the lemure.
The lemure is severely wounded.
You hit Pikel. You burn Pikel. The lemure hits you.
* * * LOW HITPOINT WARNING * * *
Pikel hits you with a +0 whip of flaming.
* * * LOW HITPOINT WARNING * * *
Pikel burns you.
* * * LOW HITPOINT WARNING * * *
It was a potion of lignification.
You turn into a tree.
Your +0 scale mail melds into your body.
Your roots penetrate the ground.
The lemure hits you.
* * * LOW HITPOINT WARNING * * *
Pikel zaps a wand.
You resist with some effort.
You feel very mighty all of a sudden. The lemure hits you.
* * * LOW HITPOINT WARNING * * *
Pikel hits you with a +0 whip of flaming.
You die...
Pikel says, "See you in Hell!"

#......# #.#
#......# #.#
#......# #.#
.......# #.#
#...#### #.# ###.#
#.## ###.# #..#
.##.### ######.####
......###.......♣.#
................5K#
#####.............#
# ##..†...###..## #
######..#####.#
#.............#
####.#...........#
#....#...........#
.....###########.#


You could see Pikel and a lemure.

Vanquished Creatures
  2 lemures (D:3)
  3 adders
  A worm (D:2)
  2 dart slugs
  6 orcs (D:3)
  7 endoplasms
  7 giant cockroaches (D:1)
  A hobgoblin (D:1)
  2 jackals (D:3)
  4 ball pythons (D:3)
  6 bats
  2 frilled lizards
  5 goblins
  10 kobolds
  3 rats
  A spectral goblin (D:2)
  A spectral orc (D:3)
63 creatures vanquished.

Notes
Turn   | Place    | Note
-------+----------+-------------------------------------------
     0 | D:1      | lonewolfV2 the Formicid Fighter began the quest for the
                  | Orb.
     0 | D:1      | Reached XP level 1. HP: 18/18 MP: 1/1
   224 | D:1      | Reached XP level 2. HP: 25/25 MP: 2/2
   354 | D:1      | Reached XP level 3. HP: 30/30 MP: 3/3
   932 | D:2      | Reached XP level 4. HP: 37/37 MP: 4/4
  1083 | D:2      | Found a faded altar of an unknown god.
  1552 | D:3      | Found a hazy altar of Hepliaklqana.
  1711 | D:3      | Reached XP level 5. HP: 41/42 MP: 5/5
  1744 | D:4      | Noticed Pikel
  1744 | D:4      | Noticed a lemure
  1745 | D:4      | Noticed a lemure
  1746 | D:4      | Noticed a lemure
  1747 | D:4      | Noticed a lemure
  1761 | D:3      | Killed a lemure
  1935 | D:3      | Killed a lemure
  2207 | D:3      | Slain by Pikel

Illustrated notes

Levels and vault maps discovered:
D:1:      eino_arrival_water_star, layout_rooms, minmay_worlds_worst_comb
D:2:      layout_rooms, dreamdust_ecumenical_altar_drowned_temple, hex_medium
D:3:      layout_rooms, nicolae_hepliaklqana_monster_ancestors
D:4:      layout_loops_ring, serial_shops, nicolae_shop_hallway_plus,
          nicolae_shop_tiny_glass, uniq_blork_the_orc, uniq_crazy_yiuf_cottage,
          uniq_eustachio, uniq_pikel

Skill      XL: |  1  2  3  4 |
---------------+-------------+-----
Axes           | 3 |  3.3
Fighting       | 4 |  4.1
Armour         | |  3.7
Dodging        | |  0.7
Stealth        | |  0.2
Shields        | |  4.4

Action                     |  1- 3 |  4- 6 || total
---------------------------+-------+-------++-------
  Melee: War axe           |    97 |    84 ||   181
    Use: Scroll            |     5 |     6 ||    11
         Potion            |       |     2 ||     2
 Armour: Scale mail        |    60 |    81 ||   141
         Skin              |       |     3 ||     3
  Dodge: Dodged            |    48 |    55 ||   103
  Block: Buckler           |    29 |    42 ||    71

Table legend: (Time is in decaauts)
 A = Elapsed time spent in this place.
 B = Non-inter-level travel time spent in this place.
 C = Inter-level travel time spent in this place.
 D = Time resting spent in this place.
 E = Time spent auto-exploring this place.
 F = Levels seen in this place.
 G = Mean time per level.
                   A        B        C        D        E       F      G
               +--------+--------+--------+--------+--------+-----+--------+
         Total |   2283 |   2227 |     56 |    413 |   1250 |   4 |  570.8 |
       Dungeon |   2283 |   2227 |     56 |    413 |   1250 |   4 |  570.8 |
               +--------+--------+--------+--------+--------+-----+--------+

Top non-repeatable levels by time:
     D:3: 1056 daAuts
     D:1: 630 daAuts
     D:2: 572 daAuts
     D:4: 23 daAuts
